 Dungeon Crawl Stone Soup version 0.31-a0-1237-gabc64e778c (webtiles) character file.

Game seed: 5260671330725975966

319 olourkin the Cudgeller (level 6, 0/46 HPs)
             Began as an Armataur Fighter on Dec 16, 2023.
             Slain by a gnoll
             ... wielding a +0 spear
             ... led by a gnoll bouda
              (2 damage)
             ... on level 4 of the Dungeon.
             The game lasted 00:14:15 (2966 turns).

olourkin the Cudgeller (Armataur Fighter)           Turns: 2966, Time: 00:14:16

Health: 0/46       AC: 11    Str: 23    XL:     6   Next: 21%
Magic:  6/6        EV:  7    Int:  9    God:
Gold:   130        SH:  4    Dex:  9    Spells: 5/5 levels left

rFire   + . .        o - +3 whip
rCold   . . .        c - +0 buckler
rNeg    . . .        q - +4 scale mail {rF+}
rPois   .            (no helmet)
rElec   .            (no cloak)
rCorr   .            (no gloves)
SInv    .            (no barding)
Will    .....        (no amulet) Stlth
                     (no ring)
HPRegen 0.27/turn    (no ring)
MPRegen 0.10/turn

%: roll
@: weakened
A: large, deformed body, tough skin 3, armoured tail, roll 1, long tongue
a: no special abilities


You were on level 4 of the Dungeon.
You visited 1 branch of the dungeon, and saw 4 of its levels.

You collected 130 gold pieces.

Inventory:

Hand Weapons
 a - a +0 flail
 o - a +3 whip (weapon)
 t - a +1 flail of holy wrath
Missiles
 e - 3 curare-tipped darts
 h - 9 boomerangs (quivered)
 k - 42 stones
Armour
 b - a +0 scale mail
 c - a +0 buckler (worn)
 q - a +4 scale mail of fire resistance (worn)
Scrolls
 f - 2 scrolls of teleportation
 i - a scroll of blinking
 j - 2 scrolls of noise {!r}
Potions
 d - a potion of mutation {unknown}
 g - a potion of attraction {unknown}
 l - a potion of heal wounds {unknown}
 m - a potion of degeneration {unknown}


   Skills:
 - Level 2.9 Fighting
 * Level 5.0 Maces & Flails
 - Level 4.6 Armour
 - Level 4.2 Shields


You had 5 spell levels left.
You didn't know any spells.
Your spell library contained the following spells:

 Spells                   Type           Power      Damage    Failure   Level
 Blink                    Tloc           0%         N/A       87%         2
 Manifold Assault         Tloc           0%         N/A       100%        4


Dungeon Overview and Level Annotations

Branches:
Dungeon (4/15)
 Temple: D:4-7

Altars:
Makhleb


Innate Abilities, Weirdness & Mutations

Armour fits poorly on your strangely shaped body.
You have extremely tough skin. (AC +3)
You have a long armoured tail.
You roll when moving toward enemies. (Rampage)
Your long tongue fully drains potion bottles. (2x potion effects)


Message History

The gnoll bouda calls upon its god to heal the gnoll.
The gnoll's wounds heal themselves!
The gnoll barely misses you.
Your Maces & Flails skill increases to level 5!
Okay, then.
You are confused.
You feel invigorated.
You slurp down every last drop of the potion of ambrosia {!e}!
The gnoll hits you with a +0 flail.
* * * LOW HITPOINT WARNING * * *
The gnoll hits you but does no damage.
You bump into the rock wall.
The gnoll hits you with a +0 flail.
* * * LOW HITPOINT WARNING * * *
The gnoll bouda barks out a call to the hunt!
The gnoll picks up the pace!
The gnoll hits you from afar with a +0 spear.
* * * LOW HITPOINT WARNING * * *
You bump into the rock wall.
The gnoll closely misses you.
The gnoll hits you from afar with a +0 spear.
* * * LOW HITPOINT WARNING * * *
You're too confused to move!
You feel less invigorated.
You feel less confused. The gnoll hits you with a +0 flail.
* * * LOW HITPOINT WARNING * * *
The gnoll hits you but does no damage.
You barely miss the gnoll. The gnoll hits you with a +0 flail.
* * * LOW HITPOINT WARNING * * *
The gnoll bouda gazes fiercely through you!
You feel your attacks grow feeble. The gnoll hits you but does no damage.
You hit the gnoll.
Your tail-slap misses the gnoll.
The gnoll is moderately wounded.
The gnoll hits you with a +0 flail!
* * * LOW HITPOINT WARNING * * *
The gnoll hits you but does no damage.
You hit the gnoll.
The gnoll is heavily wounded.
The gnoll is no longer moving quickly.
The gnoll hits you with a +0 flail.
* * * LOW HITPOINT WARNING * * *
The gnoll hits you from afar with a +0 spear.
You die...

,,* #####.### #.#### ##.#*, ,,*
#.....# #....####..#*, ,,*
#.##### ####......##*, *** ##.#
### #...#### *, #* #..# ##.#
#.#.# *, .##* ##.## #.)# #.#.# **
...###..# ##..# ##.#.#####**
*#......# #...# #.........,,
#......# *,#@# #.####.###*,
##.....# **,#g#####.# *,* *,,
#.....#**##..#gg.....####.###.,
###.....##..l...gg...g..........,
†...............#.####g##......#,
..........#######.#* #.#,.#..###,
###.....### #..**#.#,##*.#**,
*#<......#***** ##.,,..g,**,,.#*,
...........,,,* **..,g..,*,,*,#*,


You could see a gnoll bouda and 4 gnolls.

Vanquished Creatures
  2 orc priests (D:2)
  2 iguanas (D:4)
  Terence (D:3)
  An orc wizard (D:3)
  6 adders
  A worm (D:2)
  2 dart slugs
  6 orcs
  11 ball pythons
  9 bats
  5 endoplasms
  2 giant cockroaches (D:2)
  7 goblins
  5 hobgoblins
  5 jackals (D:1)
  2 quokkas
  4 frilled lizards
  11 kobolds
  13 rats
95 creatures vanquished.

Vanquished Creatures (collateral kills)
  An endoplasm (D:4)
1 creature vanquished.

Grand Total: 96 creatures vanquished

Notes
Turn   | Place    | Note
-------+----------+-------------------------------------------
     0 | D:1      | olourkin the Armataur Fighter began the quest for the Orb.
     0 | D:1      | Reached XP level 1. HP: 17/17 MP: 1/1
    72 | D:1      | Reached skill level 2 in Maces & Flails
   129 | D:1      | Reached XP level 2. HP: 23/23 MP: 2/2
   320 | D:1      | Reached XP level 3. HP: 28/28 MP: 3/3
   981 | D:2      | Reached skill level 3 in Maces & Flails
   981 | D:2      | Reached XP level 4. HP: 11/34 MP: 4/4
  1258 | D:2      | Reached XP level 5. HP: 40/40 MP: 5/5
  1735 | D:3      | Reached skill level 4 in Maces & Flails
  2048 | D:3      | Noticed Terence
  2084 | D:3      | Killed Terence
  2213 | D:3      | Found a burning altar of Makhleb.
  2562 | D:4      | Noticed an ogre
  2834 | D:4      | Reached XP level 6. HP: 39/46 MP: 6/6
  2960 | D:4      | Reached skill level 5 in Maces & Flails
  2965 | D:4      | HP: 2/46 [gnoll/+0 flail[a gnoll bouda] (8)]
  2966 | D:4      | Slain by a gnoll

Illustrated notes

Levels and vault maps discovered:
D:1:      spicycebolla_arrival_clurvy, layout_basic
D:2:      minmay_razor_zed, layout_loops_ring
D:3:      layout_rooms, mainiacjoe_overflow_small_starburst, uniq_terence
D:4:      layout_rooms

Skill      XL: |  1  2  3  4  5  6 |
---------------+-------------------+-----
Maces & Flails | 2 3 4 5 |  5.0
Armour         | 4 |  4.6
Shields        | 4 |  4.2
Fighting       | |  2.9

Action                     |  1- 3 |  4- 6 || total
---------------------------+-------+-------++-------
  Melee: Flail             |   120 |   108 ||   228
         Tailslap          |    11 |    17 ||    28
         Whip              |       |    92 ||    92
  Throw: Boomerang         |       |     4 ||     4
    Use: Potion            |       |     2 ||     2
         Scroll            |       |     8 ||     8
 Armour: Scale mail        |    88 |   150 ||   238
  Dodge: Dodged            |    41 |    62 ||   103
  Block: Buckler           |    25 |    38 ||    63

Table legend: (Time is in decaauts)
 A = Elapsed time spent in this place.
 B = Non-inter-level travel time spent in this place.
 C = Inter-level travel time spent in this place.
 D = Time resting spent in this place.
 E = Time spent auto-exploring this place.
 F = Levels seen in this place.
 G = Mean time per level.
                   A        B        C        D        E       F      G
               +--------+--------+--------+--------+--------+-----+--------+
         Total |   3027 |   2835 |    192 |    507 |   1534 |   4 |  756.8 |
       Dungeon |   3027 |   2835 |    192 |    507 |   1534 |   4 |  756.8 |
               +--------+--------+--------+--------+--------+-----+--------+

Top non-repeatable levels by time:
     D:3: 1109 daAuts
     D:2: 968 daAuts
     D:1: 694 daAuts
     D:4: 254 daAuts
